 Dungeon Crawl Stone Soup version bcrawl-1.28 (webtiles) character file.

Game seed: 15490492215832592399

200259 MisterOstroum the Ruffian (level 7, -4/57 HPs)
             Began as an Oni Transmuter on Nov 21, 2020.
             Blown up by Pikel (8 damage)
             ... with a wand of disintegration (5)
             ... on level 4 of the Dungeon.
             The game lasted 00:07:23 (3527 turns).

MisterOstroum the Ruffian (Oni Transmuter)          Turns: 3527, Time: 00:07:24

Health: -4/57      AC:  2    Str: 15    XL:     7   Next: 19%
Magic:  12/14      EV: 21    Int: 15    God:
Gold:   276        SH:  0    Dex: 16    Spells: 7/12 levels left

rFire    . . .     SeeInvis +     - Fangs (venom) (11.2)
rCold    . . .     Gourm    .   (shield currently unavailable)
rNeg     . . .     Faith    .   (armour currently unavailable)
rPois    x         Spirit   .   (helmet currently unavailable)
rElec    .         Reflect  .   (cloak currently unavailable)
rCorr    .         Harm     .   (gloves currently unavailable)
MR       .....                  (boots currently unavailable)
Stlth    +.........             (no amulet)
HPRegen  0.19/turn              p - ring of see invisible
MPRegen  0.14/turn              A - ring of wizardry (curse)

@: spider-form
A: tiny, oni magic
a: End Transformation


You were on level 4 of the Dungeon.
You were hungry.
You were a venomous arachnid creature.
You visited 1 branch of the dungeon, and saw 4 of its levels.

You collected 276 gold pieces.

Inventory:

Hand Weapons
 a - a +4 quarterstaff of chaos (melded)
 c - a +0 dagger
 u - a cursed +0 whip
 y - a +0 dagger of chaos
Missiles
 f - 259 stones (quivered)
 r - 341 arrows
 t - 1055 sling bullets
 v - 105 bolts
 x - 132 poisoned tomahawks
Armour
 b - a +0 animal skin
 g - a +2 cloak (melded)
 h - a +1 leather armour (melded)
Jewellery
 p - a ring of see invisible (left front leg)
 A - a cursed ring of wizardry (right front leg)
 B - an uncursed ring of stealth {unknown}
 C - an uncursed ring of flight {unknown}
 D - an uncursed amulet of faith {unknown}
Wands
 i - a wand of polymorph (10)
Scrolls
 j - a scroll of immolation {unknown}
 k - 3 scrolls of remove curse {@r2}
 n - 4 scrolls of amnesia {unknown}
 o - a scroll of fear {unknown}
 q - a scroll of teleportation {unknown}
 w - a scroll of enchant weapon {unknown}
 E - 3 scrolls of identify
Potions
 d - a potion of lignification {@q6}
 m - a potion of magic
 s - 2 potions of mutation
 z - 3 potions of heal wounds {@q2 !q}
Comestibles
 e - 10 rations {!d}


   Skills:
 + Level 3.4 Fighting
 + Level 3.6 Dodging
 - Level 4.2 Unarmed Combat
 * Level 3.3 Spellcasting
   Level 3.3 Conjurations
   Level 3.3 Hexes
   Level 3.3 Charms
   Level 3.3 Summonings
   Level 3.3 Necromancy
   Level 3.3 Translocations
   Level 3.3 Transmutations
   Level 3.3 Fire Magic
   Level 3.3 Ice Magic
   Level 3.3 Air Magic
   Level 3.3 Earth Magic
   Level 3.3 Poison Magic


You had 7 spell levels left.
You knew the following spells:

 Your Spells              Type           Power        Failure   Level  Hunger
a - Beastly Appendage     Tmut           ##....       5%          1    None
b - Shock                 Conj/Air       ##...        6%          1    None
c - Spider Form           Tmut/Pois      ##.          13%         3    ####...

Your spell library contained the following spells:

 Spells                   Type           Power        Failure   Level  Hunger
 Sticks to Snakes         Tmut           ##......     7%          2    #......
 Passwall                 Tmut/Erth      ##......     9%          2    #......
 Swiftness                Chrm/Air       ##......     9%          2    #......
 Ignite Poison            Fire/Tmut/Pois ##......     14%         3    ####...
 Ice Form                 Ice/Tmut       ##......     32%         4    #####..
 Blade Hands              Tmut           ##........   56%         5    ######.


Dungeon Overview and Level Annotations

Branches:
Dungeon (4/12)
 Temple: D:4-7

Altars:
Lugonu
Okawaru

Annotations:
D:4 Pikel


Innate Abilities, Weirdness & Mutations

You learn spells by gaining experience, not through books or religion.
You only train spellcasting to practice magic.
((You have sharp fingernails.))
((You have very sharp teeth.))
((You have a pair of small horns on your head.))


Message History

The orc wizard points at you and mumbles some strange words.
The puff of frost hits you!
You barely miss the crocodile.
The crocodile is severely wounded.
The orc completely misses you. The crocodile closely misses you.
The orc wizard miscasts a cantrip.
You closely miss the crocodile.
The crocodile is almost dead.
The orc barely misses you.
The crocodile puts on a burst of speed!
You hit the crocodile but do no damage.
The crocodile looks more poisoned.
The crocodile is almost dead.
You kill the orc wizard!
You kill the crocodile!
You have reached level 7!
The orc hits you but does no damage.
You hit the orc.
The orc is poisoned.
The orc is moderately wounded.
The orc hits you with a +0 club.
You bite the orc!
You kill the orc! 2 slaves come into view.
The slave moves out of view.
Items here: )) [ † a +0 club; a +0 ring mail; a +0 dagger; an orc corpse You butcher the orc corpse.
Your transformation has ended.
Your +4 quarterstaff of chaos unmelds from your body.
Your +2 cloak unmelds from your body.
Your +1 leather armour unmelds from your body.
Your +4 quarterstaff of chaos is briefly surrounded by a scintillating aura of random colours.
The slave shouts!
You hear a shout!
Items here: % )) [ ÷ a +0 club; a +0 ring mail; a +0 dagger; 4 chunks of flesh; an orc skeleton
Things that are here:
a +0 dagger; a +0 robe; an orc corpse You butcher the orc corpse.
A slave comes into view.
Items here: % ) [ ÷ a +0 dagger; a +0 robe; 3 chunks of flesh; an orc skeleton A slave comes into view.
The slave shouts!
The slave misses you.
Items here: % )) [ ÷ a +0 club; a +0 ring mail; a +0 dagger; 4 chunks of flesh; an orc skeleton You closely miss the slave.
Your headbutt misses the slave.
Pikel the Slaver comes into view.
He is wielding a +1 whip of flaming and carrying a wand of disintegration (6).
The slave hits you but does no damage. The slave hits you but does no damage.
The slave barely misses you.
You see here a scroll of remove curse {@r2}.
k - 3 scrolls of remove curse {@r2} (gained 1)
The slave closely misses you.
You hit the slave.
The slave is lightly wounded.
The slave closely misses you.
You are feeling hungry.
You completely miss the slave.
The slave is lightly wounded.
The slave hits you. The slave completely misses you.
You completely miss the slave. The slave closely misses you.
You sock the slave!
You hear an indistinct dissonance whispering inside your mind.
Your headbutt misses the slave.
The slave is moderately wounded.
The slave closely misses you.
You hit the slave.
The slave is moderately wounded.
The slave hits you. The slave barely misses you.
Casting: Spider Form (safe; 8% risk of failure)
Confirm with . or Enter, or press ? or * to list all spells.
You turn into a venomous arachnid creature.
Your +4 quarterstaff of chaos melds into your body.
Your +2 cloak melds into your body.
Your +1 leather armour melds into your body.
The slave hits you!
You bite the slave!
The slave is severely wounded.
You barely miss the slave.
The slave is severely wounded.
The slave misses you.
You hit the slave but do no damage.
The slave is poisoned.
The slave is severely wounded.
The slave barely misses you.
You hit the slave.
The slave is severely wounded.
The slave hits you!
You hit the slave.
You kill the slave!
That felt strangely unrewarding.
You hit Pikel.
Pikel is lightly wounded.
Pikel zaps a wand.
You are blasted!
* * * LOW HITPOINT WARNING * * *
Press: ? - help, v - describe, . - travel, g - get item
Here: Pikel, wielding a +1 whip of flaming, wearing a +0 robe and carrying a wand of disintegration (5) (lightly wounded)
Things that are here:
a cursed +0 animal skin a human corpse Unknown command.
Pikel zaps a wand.
You are blasted!
You die...

.####.#
.#.###)†.#
......##
..K..p.p..#
........
############..#
..#####...
#pp.p...K.pp..#
..........
#.##########.##
#..########.
#p# #..#
...<).......
#K# ##.#
############
#.######## .#
#.s....... .#
#......... ..
#..$...... #.
#.........
#.........
#.........
#.........
#.........


You could see Pikel and 2 slaves.

Vanquished Creatures
  Edmund (D:4)
  A crocodile (shapeshifter) (D:4)
  A slave (D:4)
  A howler monkey (D:3)
  An orc wizard (D:4)
  Crazy Yiuf (D:2)
  Jessica (D:2)
  Ijyb (D:3)
  Natasha (D:3)
  2 adders (D:3)
  4 worms
  A dart slug (D:2)
  4 leopard geckos
  An orc (D:4)
  7 giant cockroaches
  8 goblins
  14 hobgoblins
  3 jackals (D:3)
  2 quokkas (D:3)
  6 bats
  4 frilled lizards
  12 kobolds
  A quokka zombie (D:3)
  5 rats
  A fungus (D:2)
84 creatures vanquished.

Notes
Turn   | Place    | Note
-------+----------+-------------------------------------------
     0 | D:1      | MisterOstroum the Oni Transmuter began the quest for the
                  | Orb.
     0 | D:1      | Reached XP level 1. HP: 16/16 MP: 4/4
   100 | D:1      | Reached XP level 2. HP: 18/23 MP: 4/6
   117 | D:1      | Learned a level 1 spell: Shock
   389 | D:1      | Reached XP level 3. HP: 17/28 MP: 7/7
  1003 | D:2      | Noticed Jessica
  1015 | D:2      | Killed Jessica
  1015 | D:2      | Reached XP level 4. HP: 23/36 MP: 5/8
  1298 | D:2      | Reached skill level 4 in Unarmed Combat
  1382 | D:2      | Found an iron altar of Okawaru.
  1382 | D:2      | Found a corrupted altar of Lugonu.
  1964 | D:2      | Found a runed door.
  1969 | D:2      | Noticed Crazy Yiuf
  2260 | D:2      | Killed Crazy Yiuf
  2260 | D:2      | Reached XP level 5. HP: 10/41 MP: 1/10
  2286 | D:2      | Learned a level 3 spell: Spider Form
  2553 | D:3      | Noticed Ijyb
  2563 | D:3      | Paralysed by Ijyb for 2 turns
  2567 | D:3      | Killed Ijyb
  2665 | D:3      | Noticed Natasha
  2702 | D:3      | Reached XP level 6. HP: 50/50 MP: 11/11
  3027 | D:3      | Killed Natasha
  3288 | D:4      | Noticed Edmund
  3301 | D:4      | Killed Edmund
  3482 | D:4      | Noticed a crocodile
  3482 | D:4      | a centaur changed into a crocodile
  3488 | D:4      | Killed a crocodile
  3488 | D:4      | Reached XP level 7. HP: 43/57 MP: 9/14
  3496 | D:4      | Noticed Pikel
  3527 | D:4      | Blown up by Pikel

Skill      XL: |  1  2  3  4  5  6 |
---------------+-------------------+-----
Dodging        | 2 3 |  3.6
Unarmed Combat | 4 |  4.2
Fighting       | 2 3 |  3.4
Spellcasting   | 2 3 |  3.3
Conjurations   | |  3.3
Hexes          | |  3.3
Charms         | |  3.3
Summonings     | |  3.3
Necromancy     | |  3.3
Translocations | |  3.3
Transmutations | |  3.3
Fire Magic     | |  3.3
Ice Magic      | |  3.3
Air Magic      | |  3.3
Earth Magic    | |  3.3
Poison Magic   | |  3.3

Action                   |  1- 3 |  4- 6 |  7- 9 || total
-------------------------+-------+-------+-------++-------
Melee: Unarmed           |    37 |   157 |     8 ||   202
       Kick              |     6 |    19 |       ||    25
       Headbutt          |     6 |    43 |       ||    49
       Dagger            |    17 |     3 |       ||    20
       Bite              |     2 |    35 |       ||    37
       Punch             |       |     1 |       ||     1
       Quarterstaff      |       |    60 |     6 ||    66
Throw: Stone             |     7 |    40 |       ||    47
 Cast: Beastly Appendage |    10 |    14 |       ||    24
       Shock             |    29 |    19 |       ||    48
       Spider Form       |       |     2 |     1 ||     3
  Use: Scroll            |       |     7 |       ||     7
  Eat: Chunk             |     2 |    16 |       ||    18
Armor: Animal skin       |    11 |     7 |       ||    18
       Leather armour    |       |    25 |     2 ||    27
       Skin              |       |     1 |       ||     1
Dodge: Dodged            |    27 |    81 |    10 ||   118
